TOP OF THE 1ST |
Columbus Reds batting - Pitching for Detroit Red Wings : RHP Andy Strange
|
Pitching: RHP Andy Strange
|
|
Batting: LHB Keith Egan
|
0-0: Ball 1-0: Swinging Strike 1-1: Called Strike 1-2: Foul Ball, location: 2F 1-2: Strikes out swinging
|
Batting: RHB Sang-ton Pak
|
0-0: Ball 1-0: Fly out, F9 (Flyball, 9LS, EV 83.1 MPH)
|
Batting: RHB Pat McCoy
|
0-0: Ball 1-0: Called Strike 1-1: Ball 2-1: Foul Ball, location: 2F 2-2: Ball 3-2: Foul Ball, location: 2F 3-2: Foul Ball, location: 2F 3-2: Foul Ball, location: 2F 3-2: Strikes out swinging
|
Top of the 1st over - 0 runs, 0 hits, 0 errors, 0 left on base; Columbus 0 - Detroit 0 |
BOTTOM OF THE 1ST |
Detroit Red Wings batting - Pitching for Columbus Reds : RHP Brian Trejo
|
Pitching: RHP Brian Trejo
|
|
Batting: LHB Bill Ford
|
0-0: Called Strike 0-1: Swinging Strike 0-2: Ball 1-2: SINGLE (Groundball, 34D, EV 100.6 MPH)
|
Batting: RHB Tony Nunez
|
0-0: Ball 1-0: Hit by Pitch Bill Ford to second
|
Batting: RHB Tony Soto
|
0-0: Called Strike 0-1: Ball 1-1: Ball 2-1: Called Strike 2-2: Foul Ball, location: 2F 2-2: Strikes out swinging
|
Batting: LHB George Moran
|
0-0: Ball 1-0: Called Strike 1-1: Called Strike 1-2: Strikes out looking
|
Batting: RHB Carlos Armenteros
|
0-0: Ball 1-0: Swinging Strike 1-1: Ball Wild Pitch! Bill Ford to third Tony Nunez to second 2-1: Ball 3-1: SINGLE (Line Drive, 4MD, EV 99.4 MPH) Bill Ford scores Tony Nunez to third
|
Batting: LHB Glen Boyle
|
0-0: Ball 1-0: Foul Ball, location: 2F 1-1: Called Strike 1-2: Foul Ball, location: 2F 1-2: Ball 2-2: Ball 3-2: Foul Ball, location: 2F 3-2: 3-RUN HOME RUN (Line Drive, 89XD, EV 105.0 MPH), Distance : 428 ft
|
Batting: RHB Brandon Everett
|
0-0: Called Strike 0-1: Ball 1-1: Foul Ball, location: 2F 1-2: Ball 2-2: Foul Ball, location: 2F 2-2: Strikes out swinging
|
Bottom of the 1st over - 4 runs, 3 hits, 0 errors, 0 left on base; Columbus 0 - Detroit 4 |
TOP OF THE 2ND |
Columbus Reds batting - Pitching for Detroit Red Wings : RHP Andy Strange
|
Batting: LHB Chris Redhead
|
0-0: Called Strike 0-1: Ground out 3-1 (Groundball, 34, EV 87.5 MPH)
|
Batting: LHB Tim Kirk
|
0-0: Swinging Strike 0-1: Ball 1-1: Foul Ball, location: 2F 1-2: Ball 2-2: Foul Ball, location: 2F 2-2: Ball 3-2: Strikes out swinging
|
Batting: RHB R.J. Romberg
|
0-0: Called Strike 0-1: Ball 1-1: Swinging Strike 1-2: Foul Ball, location: 2F 1-2: Strikes out looking
|
Top of the 2nd over - 0 runs, 0 hits, 0 errors, 0 left on base; Columbus 0 - Detroit 4 |
BOTTOM OF THE 2ND |
Detroit Red Wings batting - Pitching for Columbus Reds : RHP Brian Trejo
|
Batting: LHB Brad Gaskill
|
0-0: Swinging Strike 0-1: Hit by Pitch
|
Batting: RHB Jeremiah Washington
|
0-0: Called Strike 0-1: Foul Ball, location: 2F 0-2: 2-RUN HOME RUN (Flyball, 78XD, EV 112.5 MPH), Distance : 450 ft
|
Batting: LHB Bill Ford
|
0-0: Ball 1-0: Swinging Strike 1-1: Foul Ball, location: 2F 1-2: Strikes out swinging
|
Batting: RHB Tony Nunez
|
0-0: Ball 1-0: Ball 2-0: SINGLE (Flyball, 4MD, EV 87.5 MPH)
|
Batting: RHB Tony Soto
|
0-0: Foul Ball, location: 2F 0-1: Ball Wild Pitch! Tony Nunez to second 1-1: DOUBLE (Flyball, 89XD, EV 91.9 MPH) Tony Nunez scores
|
Batting: LHB George Moran
|
0-0: Fly out, F7 (Flyball, 78XD, EV 91.3 MPH) Runner from 2nd tags up, SAFE at 3rd, no throw by LF
|
Batting: RHB Carlos Armenteros
|
0-0: Called Strike 0-1: Swinging Strike 0-2: Ball 1-2: SINGLE (Groundball, 6MD, EV 96.9 MPH) Tony Soto scores
|
Pitching: RHP Elijah Benton
|
|
Batting: LHB Glen Boyle
|
0-0: Foul Ball, location: 2F 0-1: SINGLE (Line Drive, 34, EV 97.5 MPH) Carlos Armenteros to second
|
Batting: RHB Brandon Everett
|
0-0: Fly out, F6 (Popup, P, EV 75.0 MPH)
|
Bottom of the 2nd over - 4 runs, 5 hits, 0 errors, 2 left on base; Columbus 0 - Detroit 8 |
TOP OF THE 3RD |
Columbus Reds batting - Pitching for Detroit Red Wings : RHP Andy Strange
|
Batting: RHB Fred Barbour
|
0-0: Called Strike 0-1: Ball 1-1: Foul Ball, location: 2F 1-2: Foul Ball, location: 2F 1-2: Ball 2-2: Foul Ball, location: 2F 2-2: Ground out 5-3 (Groundball, 56, EV 88.1 MPH)
|
Batting: RHB Alex Villagomez
|
0-0: Ball 1-0: Ball 2-0: Called Strike 2-1: Swinging Strike 2-2: Foul Ball, location: 2F 2-2: Fly out, F9 (Flyball, 89D, EV 93.8 MPH)
|
Batting: RHB Alex de Leon
|
0-0: Fly out, F9 (Flyball, 89M, EV 85.6 MPH)
|
Top of the 3rd over - 0 runs, 0 hits, 0 errors, 0 left on base; Columbus 0 - Detroit 8 |
BOTTOM OF THE 3RD |
Detroit Red Wings batting - Pitching for Columbus Reds : RHP Elijah Benton
|
Batting: LHB Brad Gaskill
|
0-0: Ball 1-0: Ball 2-0: SINGLE (Flyball, 78S, EV 90.0 MPH)
|
Batting: RHB Jeremiah Washington
|
Balk! Brad Gaskill to second 0-0: Called Strike 0-1: Called Strike 0-2: DOUBLE (Flyball, 8RXD, EV 106.3 MPH) Brad Gaskill scores
|
Batting: LHB Bill Ford
|
0-0: Called Strike 0-1: Swinging Strike 0-2: Ball 1-2: SINGLE (Groundball, 34D, EV 103.1 MPH) Jeremiah Washington to third
|
Batting: RHB Tony Nunez
|
0-0: Ball 1-0: Ball 2-0: Ball 3-0: Called Strike 3-1: Foul Ball, location: 2F 3-2: Fly out, F6 (Popup, 4M, EV 58.8 MPH)
|
Batting: RHB Tony Soto
|
0-0: Called Strike 0-1: Swinging Strike 0-2: SINGLE (Line Drive, 8LS, EV 106.3 MPH) Jeremiah Washington scores Bill Ford to second
|
Pitching: RHP Matt Cronin
|
|
Batting: LHB George Moran
|
0-0: Swinging Strike 0-1: Ball 1-1: 3-RUN HOME RUN (Flyball, 89XD, EV 103.1 MPH) (Inside the Park)
|
Batting: RHB Carlos Armenteros
|
0-0: Swinging Strike 0-1: Ball 1-1: Ball 2-1: Swinging Strike 2-2: Ball 3-2: Strikes out swinging
|
Batting: LHB Glen Boyle
|
0-0: SINGLE (Groundball, 56D, EV 95.6 MPH)
|
Batting: RHB Brandon Everett
|
0-0: SINGLE (Line Drive, 78S, EV 96.9 MPH) Glen Boyle to second
|
Batting: LHB Brad Gaskill
|
0-0: Ball 1-0: Called Strike 1-1: Foul Ball, location: 2F 1-2: Strikes out swinging
|
Bottom of the 3rd over - 5 runs, 7 hits, 0 errors, 2 left on base; Columbus 0 - Detroit 13 |
TOP OF THE 4TH |
Columbus Reds batting - Pitching for Detroit Red Wings : RHP Andy Strange
|
Batting: LHB Keith Egan
|
0-0: Foul Ball, location: 2F 0-1: Ball 1-1: Fly out, F6 (Line Drive, 6, EV 68.1 MPH)
|
Batting: RHB Sang-ton Pak
|
0-0: DOUBLE (Flyball, 9LM, EV 80.6 MPH)
|
Batting: RHB Pat McCoy
|
0-0: Foul Ball, location: 2F 0-1: Foul Ball, location: 2F 0-2: Ball 1-2: Ground out U3 (Groundball, 34, EV 108.1 MPH) Sang-ton Pak to third
|
Batting: LHB Chris Redhead
|
0-0: Called Strike 0-1: Ball 1-1: Ground out 4-3 (Groundball, 4, EV 77.5 MPH)
|
Top of the 4th over - 0 runs, 1 hit, 0 errors, 1 left on base; Columbus 0 - Detroit 13 |
BOTTOM OF THE 4TH |
Detroit Red Wings batting - Pitching for Columbus Reds : RHP Matt Cronin
|
Batting: RHB Jeremiah Washington
|
0-0: Called Strike 0-1: Ground out 3-1 (Groundball, 34, EV 107.5 MPH)
|
Batting: LHB Bill Ford
|
0-0: Called Strike 0-1: Foul Ball, location: 2F 0-2: Foul Ball, location: 2F 0-2: Foul Ball, location: 2F 0-2: Ball 1-2: Ball 2-2: Strikes out swinging
|
Batting: RHB Tony Nunez
|
0-0: Ball 1-0: Ball 2-0: Foul Ball, location: 2F 2-1: Ball 3-1: Base on Balls
|
Batting: RHB Tony Soto
|
0-0: Called Strike 0-1: Foul Ball, location: 2F 0-2: Strikes out swinging
|
Bottom of the 4th over - 0 runs, 0 hits, 0 errors, 1 left on base; Columbus 0 - Detroit 13 |
TOP OF THE 5TH |
Columbus Reds batting - Pitching for Detroit Red Wings : RHP Andy Strange
|
Batting: LHB Tim Kirk
|
0-0: SINGLE (Groundball, 6M, EV 100.6 MPH)
|
Batting: RHB R.J. Romberg
|
0-0: Called Strike 0-1: Foul Ball, location: 2F 0-2: Foul Ball, location: 2F 0-2: Fly out, F7 (Flyball, 7S, EV 85.6 MPH) Lined into DP, 7-3 (Flyball, 7S, EV 85.6 MPH)
|
Batting: RHB Fred Barbour
|
0-0: Fly out, F4 (Popup, 34S, EV 74.4 MPH)
|
Top of the 5th over - 0 runs, 1 hit, 0 errors, 0 left on base; Columbus 0 - Detroit 13 |
BOTTOM OF THE 5TH |
Detroit Red Wings batting - Pitching for Columbus Reds : RHP Matt Cronin
|
Batting: LHB George Moran
|
0-0: Called Strike 0-1: Ball 1-1: Foul Ball, location: 2F 1-2: Ball 2-2: Fly out, F5 (Flyball, 5D, EV 71.9 MPH)
|
Batting: RHB Carlos Armenteros
|
0-0: Ball 1-0: Ball 2-0: Ball 3-0: Called Strike 3-1: DOUBLE (Flyball, 8LD, EV 103.1 MPH)
|
Batting: LHB Glen Boyle
|
0-0: Ball 1-0: Foul Ball, location: 2F 1-1: Ball 2-1: Ball 3-1: Reached on error, E6 (Groundball, 6, EV 110.0 MPH) Carlos Armenteros to third
|
Batting: RHB Brandon Everett
|
0-0: Ball 1-0: DOUBLE (Flyball, 89D, EV 111.9 MPH) Carlos Armenteros scores Glen Boyle to third
|
Batting: LHB Brad Gaskill
|
0-0: Called Strike 0-1: Called Strike 0-2: Strikes out swinging
|
Batting: RHB Jeremiah Washington
|
0-0: 3-RUN HOME RUN (Flyball, 7LD, EV 95.6 MPH), Distance : 364 ft
|
Batting: LHB Bill Ford
|
0-0: Ball 1-0: SOLO HOME RUN (Line Drive, 89XD, EV 102.5 MPH), Distance : 428 ft
|
Batting: RHB Tony Nunez
|
0-0: SINGLE (Groundball, 56S, EV 66.3 MPH) (infield hit)
|
Batting: RHB Tony Soto
|
0-0: Ball 1-0: 2-RUN HOME RUN (Flyball, 7LD, EV 96.9 MPH), Distance : 344 ft
|
Batting: LHB George Moran
|
0-0: SINGLE (Groundball, 34S, EV 70.6 MPH) (infield hit)
|
Batting: RHB Carlos Armenteros
|
0-0: SINGLE (Line Drive, 8LS, EV 101.9 MPH) George Moran to second
|
Batting: LHB Glen Boyle
|
0-0: Called Strike 0-1: Foul Ball, location: 2F 0-2: SINGLE (Line Drive, 8LS, EV 92.5 MPH) George Moran to third Carlos Armenteros to second
|
Batting: RHB Brandon Everett
|
0-0: Ground out 5-3 (Groundball, 56S, EV 87.5 MPH)
|
Bottom of the 5th over - 7 runs, 9 hits, 1 error, 3 left on base; Columbus 0 - Detroit 20 |
TOP OF THE 6TH |
Columbus Reds batting - Pitching for Detroit Red Wings : RHP Andy Strange
|
Batting: RHB Alex Villagomez
|
0-0: Fly out, F3 (Flyball, 3D, EV 83.8 MPH)
|
Batting: RHB Alex de Leon
|
0-0: Swinging Strike 0-1: Ball 1-1: Ball 2-1: Ball 3-1: Ground out 5-3 (Groundball, 56, EV 78.8 MPH)
|
Batting: LHB Keith Egan
|
0-0: Called Strike 0-1: Foul Ball, location: 2F 0-2: Foul Ball, location: 2F 0-2: Strikes out looking
|
Top of the 6th over - 0 runs, 0 hits, 0 errors, 0 left on base; Columbus 0 - Detroit 20 |
BOTTOM OF THE 6TH |
Detroit Red Wings batting - Pitching for Columbus Reds : RHP Matt Cronin
|
Batting: LHB Brad Gaskill
|
0-0: SOLO HOME RUN (Flyball, 9D, EV 95.6 MPH), Distance : 383 ft
|
Pitching: RHP Dave Baber
|
|
Batting: RHB Jeremiah Washington
|
0-0: Ball 1-0: Reached on error, E6 (Flyball, 6MD, EV 84.4 MPH)
|
Batting: LHB Bill Ford
|
0-0: Foul Ball, location: 2F 0-1: Swinging Strike 0-2: Fly out, F8 (Flyball, 8LM, EV 95.0 MPH)
|
Batting: RHB Tony Nunez
|
0-0: Fly out, F9 (Flyball, 9LM, EV 75.6 MPH)
|
Batting: RHB Tony Soto
|
0-0: Ball 1-0: Foul Ball, location: 2F 1-1: Ball 2-1: Ball 3-1: Base on Balls Jeremiah Washington to second
|
Batting: LHB George Moran
|
0-0: Called Strike 0-1: Ground out 4-3 (Groundball, 4S, EV 93.1 MPH)
|
Bottom of the 6th over - 1 run, 1 hit, 1 error, 2 left on base; Columbus 0 - Detroit 21 |
TOP OF THE 7TH |
Columbus Reds batting - Pitching for Detroit Red Wings : RHP Andy Strange
|
Batting: RHB Sang-ton Pak
|
0-0: Ground out 4-3 (Groundball, 4S, EV 87.5 MPH)
|
Batting: RHB Pat McCoy
|
0-0: Fly out, F9 (Flyball, 9LM, EV 91.9 MPH)
|
Batting: LHB Chris Redhead
|
0-0: Ball 1-0: Ball 2-0: SINGLE (Flyball, 6D, EV 89.4 MPH)
|
Batting: LHB Tim Kirk
|
0-0: Ball 1-0: Foul Ball, location: 2F 1-1: Swinging Strike 1-2: Ball 2-2: SINGLE (Groundball, 3D, EV 102.5 MPH) Chris Redhead to second
|
Batting: RHB R.J. Romberg
|
0-0: Ball 1-0: Ball 2-0: Swinging Strike 2-1: Fly out, F7 (Line Drive, 7, EV 98.1 MPH)
|
Top of the 7th over - 0 runs, 2 hits, 0 errors, 2 left on base; Columbus 0 - Detroit 21 |
BOTTOM OF THE 7TH |
Detroit Red Wings batting - Pitching for Columbus Reds : RHP Dave Baber
|
Batting: RHB Carlos Armenteros
|
0-0: Ball 1-0: Ball 2-0: Ball 3-0: Called Strike 3-1: Foul Ball, location: 2F 3-2: Foul Ball, location: 2F 3-2: Base on Balls
|
Pitching: RHP Kyle Vance
|
|
Batting: LHB Glen Boyle
|
0-0: Foul Ball, location: 2F 0-1: Ball 1-1: SINGLE (Groundball, 56D, EV 106.9 MPH) Carlos Armenteros to second
|
Batting: RHB Brandon Everett
|
0-0: Called Strike 0-1: Ball 1-1: Swinging Strike 1-2: Ball 2-2: Strikes out swinging
|
Batting: LHB Brad Gaskill
|
0-0: Ball 1-0: Swinging Strike 1-1: Swinging Strike 1-2: Ball 2-2: Ball 3-2: Strikes out swinging
|
Batting: RHB Jeremiah Washington
|
0-0: Ball 1-0: Ball 2-0: Ball 3-0: Called Strike 3-1: Foul Ball, location: 2F 3-2: Foul Ball, location: 2F 3-2: Fly out, F9 (Flyball, 9LS, EV 85.0 MPH)
|
Bottom of the 7th over - 0 runs, 1 hit, 0 errors, 2 left on base; Columbus 0 - Detroit 21 |
TOP OF THE 8TH |
Columbus Reds batting - Pitching for Detroit Red Wings : RHP Andy Strange
|
Batting: RHB Fred Barbour
|
0-0: Ball 1-0: Swinging Strike 1-1: Reached on error, E5 (Groundball, 56, EV 83.8 MPH)
|
Batting: RHB Alex Villagomez
|
0-0: Ball 1-0: Foul Ball, location: 2F 1-1: Called Strike 1-2: Strikes out swinging
|
Batting: RHB Alex de Leon
|
0-0: Ground out 4-3 (Groundball, 34D, EV 103.8 MPH) Fred Barbour to third
|
Batting: LHB Keith Egan
|
0-0: SINGLE (Line Drive, 8RS, EV 93.8 MPH) Fred Barbour scores
|
Batting: RHB Sang-ton Pak
|
0-0: Ball 1-0: Ball 2-0: Ball 3-0: Base on Balls Keith Egan to second
|
Batting: RHB Pat McCoy
|
0-0: Ground out 5-3 (Groundball, 5S, EV 80.0 MPH)
|
Top of the 8th over - 1 run, 1 hit, 1 error, 2 left on base; Columbus 1 - Detroit 21 |
BOTTOM OF THE 8TH |
Detroit Red Wings batting - Pitching for Columbus Reds : RHP Kyle Vance
|
Pitching: LHP Davy Thorne
|
|
Batting: LHB Bill Ford
|
0-0: Called Strike 0-1: Swinging Strike 0-2: Foul Ball, location: 2F 0-2: Ground out U3 (Groundball, 3, EV 80.0 MPH)
|
Batting: RHB Tony Nunez
|
0-0: Foul Ball, location: 2F 0-1: SINGLE (Groundball, 34S, EV 96.3 MPH)
|
Batting: RHB Tony Soto
|
0-0: Swinging Strike 0-1: Ball 1-1: Ball 2-1: Foul Ball, location: 2F 2-2: Foul Ball, location: 2F 2-2: Foul Ball, location: 2F 2-2: Fly out, F5 (Line Drive, 5, EV 68.1 MPH)
|
Batting: LHB George Moran
|
0-0: Ball 1-0: Called Strike 1-1: Foul Ball, location: 2F 1-2: Strikes out looking
|
Bottom of the 8th over - 0 runs, 1 hit, 0 errors, 1 left on base; Columbus 1 - Detroit 21 |
TOP OF THE 9TH |
Columbus Reds batting - Pitching for Detroit Red Wings : RHP Andy Strange
|
Batting: LHB Chris Redhead
|
0-0: Ball 1-0: Ball 2-0: Called Strike 2-1: Foul Ball, location: 2F 2-2: Ground out 4-3 (Groundball, 4S, EV 73.8 MPH)
|
Batting: LHB Tim Kirk
|
0-0: Foul Ball, location: 2F 0-1: Ball 1-1: Ball 2-1: Ball 3-1: Base on Balls
|
Pitching: RHP Adam Fisher
|
|
Batting: RHB R.J. Romberg
|
0-0: Called Strike 0-1: Ball 1-1: Swinging Strike 1-2: Strikes out looking
|
Batting: RHB Fred Barbour
|
0-0: Called Strike 0-1: Ball 1-1: Called Strike 1-2: Strikes out looking
|
Top of the 9th over - 0 runs, 0 hits, 0 errors, 1 left on base; Columbus 1 - Detroit 21 |
|